 Dungeon Crawl Stone Soup version 0.25-a0-265-g7af84ae0ac (webtiles) character file.

Game seed: 10858052946832367240, levelgen mode: deterministic

42 MoonlitKnight the Changer (level 3, -4/28 HPs)
             Began as a Draconian Transmuter on Dec 8, 2019.
             Slain by a sky beast (6 damage)
             ... on level 6 of the Dungeon.
             The game lasted 00:08:01 (1915 turns).

MoonlitKnight the Changer (Draconian Transmuter)    Turns: 1915, Time: 00:08:02

Health: -4/28      AC:  5    Str: 12    XL:     3   Next: 33%
Magic:  6/6        EV: 11    Int: 14    God:
Gold:   72         SH:  3    Dex: 11    Spells: 2/6 levels left

rFire    . . .     SeeInvis .     - Unarmed
rCold    . . .     Gourm    .   i - +0 buckler
rNeg     . . .     Faith    .   (armour unavailable)
rPois    .         Spirit   .   (helmet restricted)
rElec    .         Reflect  .   (no cloak)
rCorr    .         Harm     .   (no gloves)
MR       .....                  (no boots)
Stlth    +.........             (no amulet)
HPRegen  0.09/turn              (no ring)
MPRegen  0.10/turn              (no ring)

@: no status effects
A: unfitting armour, cold-blooded, AC +5
a: no special abilities


You were on level 6 of the Dungeon.
You were not hungry.

You visited 1 branch of the dungeon, and saw 4 of its levels.

You collected 72 gold pieces.

Inventory:

Missiles
 a - 51 arrows
Armour
 i - a +0 buckler (worn)
Scrolls
 b - a scroll of fog {unknown}
 f - a scroll of blinking {unknown}
 g - 3 scrolls of identify {unknown}
 h - a scroll of remove curse {unknown}
Potions
 d - a potion of mutation {unknown}
 e - 2 potions of curing {unknown}
Comestibles
 c - 3 rations
 j - 6 chunks of flesh


   Skills:
 - Level 1.1 Fighting
 - Level 1.7 Dodging
 - Level 3.0 Unarmed Combat
 - Level 2.0 Spellcasting
 - Level 3.5 Transmutations
 + Level 1.1 Poison Magic


You had 2 spell levels left.
You knew the following spells:

 Your Spells              Type           Power        Failure   Level  Hunger
a - Beastly Appendage     Tmut           ##....       10%         1    ##.....
b - Spider Form           Tmut/Pois      #.........   41%         3    ####...

Your spell library contained the following spells:

 Spells                   Type           Power        Failure   Level  Hunger
 Sticks to Snakes         Tmut           ##......     14%         2    ###....
 Ice Form                 Ice/Tmut       #.......     88%         4    #####..
 Blade Hands              Tmut           ##........   95%         5    ######.


Dungeon Overview and Level Annotations

Branches:
Dungeon (3/15)

Altars:


Innate Abilities, Weirdness & Mutations

Your plain brown scales are hard. (AC +5)
You cannot fit into any form of body armour.
You are cold-blooded and may be slowed by cold attacks.


Message History

The quokka is severely wounded.
Something hits you but does no damage. The quokka bites you.
You completely miss the quokka.
Your tail-slap misses the quokka.
The quokka is severely wounded.
Something hits you but does no damage.
The quokka bites you but does no damage.
You hit the quokka but do no damage.
The quokka is severely wounded.
The quokka bites you. Something hits you. Something shocks you.
You barely miss the quokka.
The quokka is severely wounded.
The quokka closely misses you. Something hits you. Something shocks you.
* * * LOW HITPOINT WARNING * * *
The quokka barely misses you.
You closely miss the quokka.
The quokka is severely wounded.
Something hits you.
* * * LOW HITPOINT WARNING * * *
Something shocks you.
You die...

............ ..>........
. ..........# ...#
..........## ...#
#..........## ... ..
#...........######[# .#
#..................# #.#
#......{..#.....)#####.#
...##..@###......###....
#.#r# #.............
#.#.# ##.....##..... #
%.# #.....###.... ###
#.....# #.... #######
#.... #.... #####


You could see a quokka.

Vanquished Creatures
  An adder (D:3)
  A worm (D:2)
  A dart slug (D:1)
  An orc (D:3)
  3 bats
  A giant cockroach (D:1)
  3 goblins
  2 hobgoblins (D:1)
  4 jackals (D:1)
  A frilled lizard (D:2)
  5 kobolds
  A rat (D:3)
24 creatures vanquished.

Notes
Turn   | Place    | Note
-------+----------+-------------------------------------------
     0 | D:1      | MoonlitKnight the Draconian Transmuter began the quest for
                  | the Orb.
     0 | D:1      | Reached XP level 1. HP: 16/16 MP: 3/3
   429 | D:1      | Reached XP level 2. HP: 17/23 MP: 3/5
  1624 | D:2      | Reached XP level 3. HP: 28/28 MP: 6/6
  1736 | D:2      | Learned a level 3 spell: Spider Form
  1746 | D:2      | You fall into a shaft and drop 1 floor!
  1792 | D:3      | Reached skill level 1 in Poison Magic
  1883 | D:3      | You fall into a shaft and drop 3 floors!
  1904 | D:6      | Noticed a sky beast
  1915 | D:6      | Slain by a sky beast

Levels and vault maps discovered:
D:1:      dpeg_arrival_round_c, layout_loops_ring, minmay_3d_cube
D:2:      layout_loops_ring, first_ration, fountainhead, corexii_hall_statues_l,
          grunt_ministairs_6
D:3:      layout_loops_cross
D:6:      layout_rooms

Skill      XL: |  1  2  3 |
---------------+----------+-----
Transmutations | 3 |  3.5
Poison Magic   | 1 |  1.1
Fighting       | |  1.1
Dodging        | |  1.7
Unarmed Combat | |  3.0
Spellcasting   | |  2.0

Action                   || total
-------------------------++-------
Melee: Unarmed           ||   101
       Tailslap          ||    11
       Kick              ||     3
       Headbutt          ||     3
 Cast: Beastly Appendage ||     4
 Stab: Sleeping          ||     1
  Eat: Chunk             ||     3
Armor: Skin              ||    30
Dodge: Dodged            ||    50
Block: Buckler           ||     6

Table legend:
 A = Non-vault XP
 B = Vault XP
 C = Vault XP percentage of total XP
 D = Non-vault monster count
 E = Vault monster count
 F = Vault count percentage of total count
                 A         B        C        D         E       F
            +---------+---------+-------+---------+---------+-------
      Total |      54 |       6 |  10.0 |      20 |       4 |  16.7
            +---------+---------+-------+---------+---------+-------
        D:1 |      28 |       4 |  12.5 |      14 |       2 |  12.5
        D:2 |       7 |       2 |  22.2 |       2 |       2 |  50.0
        D:3 |      19 |       0 |   0.0 |       4 |       0 |   0.0
            +---------+---------+-------+---------+---------+-------
